 Dungeon Crawl Stone Soup version 0.21.0-30-g47ce8e4 (webtiles) character file.

629941 Moloch the Conqueror (level 26, -5/212 HPs)
             Began as a Minotaur Fighter on Jan 28, 2018.
             Was the Champion of Makhleb.
             Splashed by an acid blob's acid (7 damage)
             ... created by the Royal Jelly
             ... on level 4 of the Pits of Slime.
             The game lasted 02:33:48 (56416 turns).

Moloch the Conqueror (Minotaur Fighter)            Turns: 56416, Time: 02:33:49

Health: -5/212     AC: 26    Str: 27    XL:     26   Next: 76%
Magic:  9/22       EV: 29    Int: 10    God:    Makhleb [******]
Gold:   5943       SH:  0    Dex: 33    Spells: 25/25 levels left

rFire    . . .     SeeInvis .   X - +5 executioner's axe (holy)
rCold    + + +     Gourm    .   (shield currently unavailable)
rNeg     + . .     Faith    .   M - +3 gold dragon scales
rPois    +         Spirit   .   Y - +2 hat of the Guild-Master {rPois Str-2 Dex+9 Stlth+}
rElec    +         Reflect  .   D - +2 ratskin cloak {+Rats rPois rN+ Str-1 Int-1 Dex+1}
rCorr    +         Harm     .   o - +2 pair of gloves {Dex+3}
MR       +++++     Rnd*Rage +   P - +0 pair of boots {run} Stlth ..........Rnd*Tele +
                                u - amulet of regeneration
HPRegen  0.85/turn              Q - ring of Moner {rElec rC+ MR+ Int+2}
MPRegen  0.18/turn              L - ring "Eqontug" {rCorr rPois rF- MR+++ Int+4}

@: agile, corroded, very slightly contaminated, quick
A: retaliatory headbutt, horns 2, thin metallic scales 1, berserk 1, cold
resistance 1, frail 2, strong 1, teleportitis 1
}: 4/15 runes: decaying, serpentine, silver, abyssal
a: Minor Destruction, Lesser Servant of Makhleb, Major Destruction, Greater
Servant of Makhleb, Renounce Religion, Evoke Ratskin


You were on level 4 of the Pits of Slime.
You worshipped Makhleb.
Makhleb was exalted by your worship.
You were not hungry.

You visited 11 branches of the dungeon, and saw 53 of its levels.
You visited the Abyss 3 times.
You also visited: Labyrinth and Ice Cave.

You collected 7234 gold pieces.
You spent 1291 gold pieces at shops.

Inventory:

Hand Weapons
 H - a +4 bardiche
 X - a +5 executioner's axe of holy wrath (weapon)
Missiles
 F - 2 throwing nets (quivered)
Armour
 h - the +2 acid dragon scales of Lies {*Drain rCorr Dex+7 SInv}
   (Okawaru gifted it to you on level 2 of the Orcish Mines)

   It affects your dexterity (+7).
   It lets you see invisible.
   It protects you from acid and corrosion.
   It causes draining when unequipped.
 o - a +2 pair of gloves of dexterity (worn)
 D - the +2 ratskin cloak (worn) {+Rats rPois rN+ Str-1 Int-1 Dex+1}
   (You found it on level 8 of the Dungeon)

   It affects your strength (-1).
   It affects your intelligence (-1).
   It affects your dexterity (+1).
   It protects you from poison.
   It protects you from negative energy.
 M - +3 gold dragon scales (worn)
 P - a +0 pair of boots of running (worn)
 T - a +0 hat of magic resistance
 W - the +4 plate armour "Kofroes" {rC+ Regen+}
   (Okawaru gifted it to you on level 15 of the Dungeon)

   It protects you from cold.
   It increases your rate of regeneration.
 Y - the +2 hat of the Guild-Master (worn) {rPois Str-2 Dex+9 Stlth+}
   (Okawaru gifted it to you on level 3 of the Elven Halls)

   It affects your strength (-2).
   It affects your dexterity (+9).
   It protects you from poison.
   It makes you more stealthy.
Jewellery
 b - an uncursed ring of positive energy
 i - a +6 ring of intelligence
 j - a +5 ring of slaying
 l - an uncursed ring of flight
 p - the ring "Tenih" {rPois MR+++ Dex-5 SInv Stlth+}
   (You took it off a deep elf mage on level 5 of the Vaults)

   [ring of stealth]

   It affects your dexterity (-5).
   It protects you from poison.
   It affects your resistance to hostile enchantments.
   It lets you see invisible.
   It makes you more stealthy.
 u - an amulet of regeneration (around neck)
 w - an uncursed ring of protection from fire
 A - an uncursed ring of protection from cold
 E - the ring of the Peculiar Beggars {rElec rPois MR+ SInv Stlth-}
   (You took it off a tengu reaver on level 5 of the Vaults)

   [ring of loudness]

   It insulates you from electricity.
   It protects you from poison.
   It affects your resistance to hostile enchantments.
   It lets you see invisible.
   It makes you less stealthy.
 L - the ring "Eqontug" (right hand) {rCorr rPois rF- MR+++ Int+4}
   (You took it off a wizard on level 1 of the Vaults)

   [ring of resist corrosion]

   It affects your intelligence (+4).
   It makes you vulnerable to fire.
   It protects you from poison.
   It affects your resistance to hostile enchantments.
 Q - the ring of Moner (left hand) {rElec rC+ MR+ Int+2}
   (You found it on level 5 of the Depths)

   [ring of protection from magic]

   It affects your intelligence (+2).
   It protects you from cold.
   It insulates you from electricity.
   It affects your resistance to hostile enchantments.
 U - the brooch of Shielding {Reflect SH+8}
   (You took it off a deep elf mage on level 3 of the Elven Halls)

   [amulet of reflection]

   It shields you and reflects attacks.
   It affects your SH (+8).
 V - an uncursed ring of protection from magic
Wands
 O - a wand of digging (12)
Scrolls
 a - 2 scrolls of summoning
 g - 22 scrolls of teleportation
 k - 2 scrolls of blinking
 r - 25 scrolls of remove curse
 s - 8 scrolls of fog
 x - 10 scrolls of immolation
 y - 4 scrolls of silence
 z - 3 scrolls of holy word
 B - 3 scrolls of brand weapon
 K - a scroll of fear
 S - 10 scrolls of magic mapping
 Z - 5 scrolls of identify
Potions
 c - 6 potions of agility
 d - 6 potions of might
 e - a potion of berserk rage
 m - 4 potions of resistance
 n - 12 potions of heal wounds
 q - 10 potions of flight
 t - 5 potions of brilliance
 C - 3 potions of haste
 J - 12 potions of curing
 N - 3 potions of mutation
 R - 3 potions of cancellation
Miscellaneous
 I - 2 phantom mirrors
Comestibles
 f - 83 rations


   Skills:
 O Level 27 Fighting
 + Level 23.1(27) Axes
 - Level 26.0(27) Polearms
 * Level 24.4 Armour
 * Level 19.0 Dodging
   Level 3.6 Shields


You had 25 spell levels left.
You didn't know any spells.

Dungeon Overview and Level Annotations

Branches:
Dungeon (15/15)            Temple (1/1) D:6            Lair (6/6) D:11
  Swamp (4/4) Lair:3        Snake (4/4) Lair:2        Slime (5/5) Lair:5
    Orc (2/2) D:9             Elf (3/3) Orc:2        Vaults (5/5) D:13
  Crypt (3/3) Vaults:2       Tomb (0/3) Crypt:3      Depths (5/5) D:15
    Zot: Depths:5

Altars:
Ashenzari
Dithmenos
Elyvilon
Fedhas
Gozag
Hepliaklqana
Kikubaaqudgha
Makhleb
Nemelex Xobeh
Okawaru
Qazlal
Ru
Sif Muna
Trog
Uskayaw
Vehumet
Xom
Yredelemnul
Zin
The Shining One
Beogh
Jiyva

Shops:
D:11 ?   D:15 !   Orc:1 =   Orc:2 *(}(   Elf:1 =}=   Elf:3 =::   Snake:1 ((?!
Snake:3 [

Portals:
Hell: Depths:1 Depths:2 Depths:3 Depths:4
Abyss: Depths:2 Depths:4 Depths:5
Pandemonium: Depths:1 Depths:2 Depths:3
Ziggurat: Depths:1
Trove: D:14 (give 15 potions of curing)

Annotations:
D:11 exclusion: obsidian statue
Slime:5 Royal Jelly


Innate Abilities, Weirdness & Mutations

You reflexively headbutt those who attack you in melee.
You have a pair of horns on your head.
You are partially covered in thin metallic scales. (AC +2)
You tend to lose your temper in combat.
Your flesh is cold resistant. (rC+)
You are very frail. (-20% HP)
Your muscles are strong. (Str +2)
You are occasionally teleported next to monsters.


Message History

The azure jelly completely misses you. You furiously retaliate!
You headbutt the azure jelly, but do no damage.
The azure jelly hits you but does no damage. x2
The azure jelly misses you. The acid blob hits you!!
* * * LOW HITPOINT WARNING * * *
You are splashed with acid!
The acid burns!
You resist.
* * * LOW HITPOINT WARNING * * *
The azure jelly completely misses you. You furiously retaliate!
You headbutt the azure jelly. The azure jelly barely misses you.
The azure jelly hits you but does no damage.
The azure jelly misses you.
Unknown command.
Blink to where?
Press: ? - help, Dir - move target cursor You are very lightly contaminated with residual magic.
As you read the scroll of blinking, it crumbles to dust.
The acid blob spits acid at you. The splash of acid hits you!
The acid corrodes you!
You are splashed with acid!
The acid burns!
You resist.
You die...

## ...... ###
#.##...... ...
..........
..##.......#.
##...........
............
####.#.........
.##.#..#.@.......
................#
.#...............
.................
......J.J........
.........J.......
......J§.........
........J..#.....
................#


You could see an acid blob, 3 azure jellies and a death ooze.

Vanquished Creatures
  2 ancient liches
  A juggernaut (Depths:4)
  Saint Roka (Depths:2)
  Frederick (Vaults:2)
  Xtahua (Crypt:2)
  Jory (Crypt:1)
  5 golden dragons
  4 liches
  6 tentacled monstrosities
  Rupert (D:13)
  12 titans
  Asterion (Snake:1)
  6 deep elf master archers
  A quicksilver dragon (Vaults:5)
  8 deep elf blademasters
  3 tentacled starspawn (Abyss:3)
  12 acid blobs
  A thorn hunter (Swamp:4)
  The ghost of Moloch the Scorcher, an adept OpWz of Vehumet (Elf:2)
  3 ancient champions
  6 shadow dragons
  Agnes (Snake:3)
  8 storm dragons
  Kirke (Lair:4)
  12 tengu reavers
  3 revenants
  21 nagarajas
  7 sphinxes
  Roxanne (Swamp:2)
  Donald (Vaults:1)
  9 azure jellies
  25 fire giants
  5 deep elf sorcerers
  10 vault wardens
  An emperor scorpion (D:15)
  2 orc warlords (Orc:2)
  Louise (Swamp:2)
  5 curse skulls
  15 frost giants
  3 iron dragons
  Aizul (Depths:1)
  A balrug (Abyss:3)
  A caustic shrike zombie (Crypt:3)
  4 deep elf elementalists
  3 ghouls
  8 ironheart preservers
  5 war gargoyles (Vaults:5)
  3 reapers
  31 stone giants
  A caustic shrike skeleton (Depths:4)
  19 very ugly things
  3 entropy weavers (Vaults:5)
  4 purple draconians
  6 deep elf demonologists
  17 vampire knights
  3 green draconians
  3 red draconians
  4 white draconians
  2 black draconians
  8 deep elf annihilators
  3 spark wasps (Depths:3)
  Snorg (D:9)
  4 yellow draconians
  5 eidola
  9 deep elf death magi
  16 ettins
  A death ooze (Slime:3)
  A green death (Depths:1)
  A minotaur (Lab)
  8 fire dragons
  11 great orbs of eyes
  Erolcha (D:10)
  17 jiangshi (Crypt:3)
  2 deep elf high priests (Elf:3)
  17 naga warriors
  12 ice dragons
  14 yaktaur captains
  2 spriggan air magi
  A hell beast (Depths:1)
  11 rakshasas
  A caustic shrike simulacrum (Depths:4)
  26 hydras
  29 vault guards
  A ghost crab (Abyss:3)
  2 catoblepae
  Erica (D:8)
  13 centaur warriors
  9 anacondas
  31 dancing weapons
  9 alligators
  19 ogre magi
  8 tengu warriors
  12 death yaks
  7 spriggan berserkers
  64 two-headed ogres
  4 death knights
  4 deep troll earth magi
  12 vampire magi
  13 thrashing horrors (Abyss:3)
  6 deep troll shamans
  A titan zombie (Crypt:3)
  A titan skeleton (Crypt:2)
  6 orc high priests
  36 deep elf knights
  Nergalle (D:12)
  23 naga sharpshooters
  12 hell knights
  A wretched star (Abyss:3)
  10 shock serpents
  A fire crab (Abyss:3)
  A fire crab (shapeshifter) (Vaults:4)
  2 iron trolls
  2 soul eaters
  A sixfirhy (Depths:1)
  6 shadow wraiths
  2 sun demons (Abyss:3)
  11 skeletal warriors
  3 golden dragon zombies (Crypt:3)
  A salamander mystic (Snake:4)
  An unseen horror (Vaults:1)
  5 glowing orange brains
  7 flayed ghosts
  2 spatial maelstroms (Abyss:3)
  23 deep trolls
  2 spriggan druids
  5 shambling mangroves
  2 shadow demons
  21 deep elf archers
  A harpy (shapeshifter) (Vaults:1)
  18 orc knights
  A shadow dragon zombie (Depths:4)
  A lindwurm (shapeshifter) (Vaults:5)
  3 harpies (Vaults:1)
  8 wizards
  13 ironbrand convokers
  8 swamp dragons
  8 naga ritualists
  A lindwurm (Lair:6)
  A wolf spider (shapeshifter) (Vaults:5)
  9 mana vipers
  12 phantasmal warriors
  Pikel (D:7)
  7 necromancers
  90 deep elf magi
  10 orc sorcerers
  4 wolf spiders
  75 ugly things
  3 shining eyes
  A manticore (D:12)
  15 cyclopes
  A guardian serpent (shapeshifter) (Vaults:2)
  8 salamanders
  2 elephants (Lair:6)
  An iron dragon skeleton (Crypt:2)
  4 worldbinders
  2 rust devils
  Maurice (D:9)
  16 vault sentinels
  A moth of wrath (shapeshifter) (Vaults:4)
  44 black mambas
  4 guardian serpents
  3 ice statues
  An eye of devastation (shapeshifter) (Vaults:5)
  7 eyes of devastation
  A gargoyle (Depths:1)
  25 naga magi
  2 orange demons (Depths:3)
  A black mamba (shapeshifter) (Vaults:4)
  A frost giant skeleton (Crypt:2)
  A torpor snail (shapeshifter) (Vaults:5)
  A pale draconian zombie (Crypt:2)
  4 apocalypse crabs (Abyss:3)
  A torpor snail (Lair:6)
  3 smoke demons (Abyss:3)
  A sea snake zombie (Crypt:2)
  18 spiny frogs
  5 spectral swamp worms (Depths:3)
  A kobold demonologist (D:15)
  3 centaur skeletons
  2 ice devils (Lair:5)
  7 komodo dragons
  2 anaconda simulacra (Depths:1)
  3 rime drakes (Lair:6)
  A rime drake (shapeshifter) (Depths:2)
  79 yaktaurs
  2 tengu conjurers
  7 freezing wraiths
  6 guardian mummies
  A tormentor (Abyss:3)
  4 ancient zymes (Abyss:3)
  2 hellwings (Depths:1)
  A death yak skeleton (Crypt:1)
  2 yaktaur skeletons
  A queen bee (D:9)
  A pale draconian skeleton (Crypt:3)
  A jumping spider (Vaults:5)
  A jumping spider (shapeshifter) (Vaults:5)
  16 polar bears
  4 red devils
  A wolf spider simulacrum (D:13)
  8 trolls
  A harpy skeleton (Crypt:1)
  3 meliai (D:15)
  A sphinx simulacrum (Depths:4)
  9 hornets
  A hydra skeleton (Crypt:3)
  A raiju (shapeshifter) (Elf:1)
  32 blink frogs
  A merfolk (shapeshifter) (Depths:3)
  A dream sheep (shapeshifter) (D:12)
  9 tyrant leeches
  82 slime creatures
  4 large abominations (Abyss:3)
  A meliai zombie (Crypt:1)
  6 raiju
  11 bog bodies
  11 hippogriffs
  2 dream sheep (Lair:6)
  An ice dragon zombie (Crypt:3)
  3 air elementals
  3 centaur simulacra (D:13)
  An ice dragon skeleton (Crypt:1)
  An ettin skeleton (Crypt:3)
  2 redbacks (Vaults:5)
  A spriggan (D:7)
  27 vampires
  6 shadows
  9 wraiths
  10 water elementals
  3 wyverns
  7 small abominations
  A fire elemental (Elf:1)
  3 hogs (Lair:4)
  3 basilisks
  55 yaks
  A human (shapeshifter) (Vaults:2)
  2 chaos spawn
  A hungry ghost (D:15)
  25 vampire mosquitoes
  6 golden eyes
  3 neqoxecs
  9 wargs
  2 wargs (shapeshifter)
  An elf simulacrum (Depths:4)
  Menkaure (D:7)
  A harpy simulacrum (Depths:1)
  17 swamp worms
  73 nagas
  4 insubstantial wisps (Swamp:2)
  An acid dragon (D:14)
  A merfolk zombie (Crypt:3)
  2 soldier ants
  A hydra simulacrum (Crypt:2)
  A deep troll skeleton (Crypt:2)
  A floating eye (Depths:4)
  2 hell hounds (Abyss:3)
  8 porcupines
  A soldier ant (shapeshifter) (Vaults:5)
  A hornet zombie (D:15)
  10 swamp drakes
  12 water moccasins
  4 ice beasts
  2 black bears
  10 eyes of draining
  Duvessa (D:7)
  69 orc warriors
  9 starcursed masses (Abyss:3)
  4 sky beasts
  2 slaves (D:7)
  A spriggan simulacrum (Depths:1)
  2 black mamba simulacra (Depths:1)
  2 black bears (shapeshifter)
  46 ogres
  8 boggarts
  17 wolves
  2 phantoms
  13 centaurs
  A lindwurm skeleton (Crypt:1)
  7 crocodiles
  A salamander zombie (Crypt:2)
  A big kobold (D:12)
  A glowing shapeshifter simulacrum (Vaults:1)
  A gnoll sergeant (D:8)
  17 bullfrogs
  5 earth elementals
  A hornet simulacrum (D:13)
  A wyvern skeleton (D:6)
  Dowan (D:7)
  4 scorpions
  A manticore simulacrum (Crypt:2)
  23 killer bees (D:9)
  10 wights
  An elephant simulacrum (Depths:1)
  A killer bee (shapeshifter) (Vaults:1)
  An orc simulacrum (Vaults:1)
  A wolf zombie (Crypt:2)
  6 howler monkeys
  9 electric eels
  7 crimson imps
  2 centaur zombies
  Crazy Yiuf (D:7)
  A bullfrog zombie (D:13)
  A lava snake (Lair:4)
  9 quasits
  39 orc priests
  4 iron imps
  9 hounds
  A gnoll shaman (D:10)
  7 jellies
  32 orc wizards
  2 bullfrog skeletons
  A black bear skeleton (Crypt:3)
  5 iguanas
  4 lightning spires (Depths:1)
  9 worker ants
  A porcupine skeleton (Crypt:2)
  2 troll simulacra (Depths:1)
  A bullfrog simulacrum (D:13)
  A crocodile skeleton (Crypt:1)
  A hound zombie (D:5)
  An ogre skeleton (Crypt:2)
  A howler monkey zombie (D:6)
  2 worker ant zombies
  Robin (D:2)
  11 gnolls
  A scorpion zombie (Crypt:3)
  16 adders
  5 shadow imps
  6 white imps
  4 ufetubi
  3 oozes
  An iguana zombie (Crypt:3)
  An adder skeleton (D:9)
  A lava snake skeleton (Crypt:3)
  5 worms
  A dart slug (D:1)
  8 leopard geckos
  197 orcs
  3 ball pythons
  A bat skeleton (Crypt:1)
  7 giant cockroaches
  2 gnoll zombies (D:4)
  9 hobgoblins
  14 jackals
  16 kobolds
  5 quokkas
  14 bats
  A dart slug zombie (Crypt:1)
  5 frilled lizards
  17 goblins
  A goblin zombie (Crypt:3)
  A jackal skeleton (D:8)
  2 leopard gecko skeletons
  A leopard gecko zombie (D:8)
  9 rats
  2 crawling corpses (Elf:3)
  A lurking horror (Abyss:3)
  4 starspawn tentacles (Abyss:3)
  2 tentacles (Abyss:3)
2844 creatures vanquished.

Vanquished Creatures (others)
  A kraken (Abyss:3)
  A fire giant (Crypt:3)
  2 deep elf demonologists
  A deep elf knight (Vaults:3)
  A skeletal warrior (Vaults:1)
  A shadow wraith (Vaults:2)
  A mana viper (shapeshifter) (Vaults:1)
  A deep elf mage (Vaults:5)
  A salamander (Snake:4)
  A queen bee (shapeshifter) (Depths:2)
  A yak (IceCv)
  A spatial vortex (Abyss:3)
  An orc warrior (Depths:2)
  A wolf (IceCv)
  A boggart (Depths:2)
  A jelly (Abyss:3)
  A quasit (Abyss:3)
  An orc wizard (D:9)
  2 ball lightnings
  2 orcs
  9 fungi
  14 plants
  5 starspawn tentacles (Abyss:3)
  6 tentacles (Abyss:3)
57 creatures vanquished.

Grand Total: 2901 creatures vanquished

Notes
Turn   | Place    | Note
-------+----------+-------------------------------------------
     0 | D:1      | Moloch the Minotaur Fighter began the quest for the Orb.
     0 | D:1      | Reached XP level 1. HP: 19/19 MP: 0/0
   126 | D:1      | Reached skill level 4 in Fighting
   145 | D:1      | Reached XP level 2. HP: 24/27 MP: 1/1
   494 | D:1      | You fall through a shaft!
   507 | D:2      | Reached XP level 3. HP: 29/34 MP: 2/2
  1097 | D:2      | Noticed Robin
  1110 | D:2      | Reached XP level 4. HP: 38/41 MP: 3/3
  1134 | D:2      | Killed Robin
  1191 | D:2      | Reached skill level 5 in Polearms
  1332 | D:2      | Found a bloodstained altar of Trog.
  1570 | D:3      | Reached XP level 5. HP: 37/47 MP: 4/4
  1644 | D:3      | Found a shattered altar of Ashenzari.
  2169 | D:3      | Reached skill level 5 in Fighting
  2265 | D:3      | Reached XP level 6. HP: 56/56 MP: 5/5
  2737 | D:4      | Found a basalt altar of Yredelemnul.
  3213 | D:4      | Found a sparkling altar of Nemelex Xobeh.
  3240 | D:5      | Entered Level 5 of the Dungeon
  3297 | D:5      | Noticed a sky beast
  3315 | D:5      | Killed a sky beast
  3315 | D:5      | Reached XP level 7. HP: 34/61 MP: 6/6
  3795 | D:6      | Found a staircase to the Ecumenical Temple.
  3832 | Temple   | Entered the Ecumenical Temple
  3839 | Temple   | Became a worshipper of Warmaster Okawaru
  3941 | D:6      | Found a glowing silver altar of Zin.
  3991 | D:6      | Reached skill level 10 in Polearms
  4118 | D:6      | Reached skill level 6 in Fighting
  4209 | D:6      | Found an opulent altar of Gozag.
  4217 | D:6      | Reached * piety under Okawaru
  4217 | D:6      | Reached XP level 8. HP: 68/70 MP: 7/7
  4997 | D:6      | Learned a level 1 spell: Apportation
  5281 | D:6      | Found a deep blue altar of Sif Muna.
  5410 | D:7      | Noticed Pikel
  5430 | D:7      | Killed Pikel
  5430 | D:7      | Reached ** piety under Okawaru
  5430 | D:7      | Reached skill level 7 in Fighting
  5430 | D:7      | Reached XP level 9. HP: 60/79 MP: 8/8
  5445 | D:7      | Found a runed door.
  5675 | D:7      | Noticed Dowan
  5680 | D:7      | Noticed Duvessa
  5702 | D:7      | Killed Dowan
  5772 | D:7      | Found a radiant altar of Vehumet.
  5989 | D:7      | Killed Duvessa
  5989 | D:7      | Reached *** piety under Okawaru
  6297 | D:7      | Noticed Menkaure
  6306 | D:7      | Killed Menkaure
  6515 | D:7      | Found a sacrificial altar of Ru.
  6635 | D:7      | Noticed Crazy Yiuf
  6639 | D:7      | Killed Crazy Yiuf
  6776 | D:8      | Found the +2 ratskin cloak {+Rats rPois rN+ Str-1 Int-1 Dex+1}
  6883 | D:8      | Found a hide-covered altar of Uskayaw.
  6974 | D:8      | Noticed Erica
  6983 | D:8      | Killed Erica
  6983 | D:8      | Reached **** piety under Okawaru
  6983 | D:8      | Reached skill level 8 in Fighting
  7157 | D:8      | Reached XP level 10. HP: 85/88 MP: 9/9
  7493 | D:8      | Reached skill level 15 in Polearms
  7691 | D:9      | Reached skill level 9 in Fighting
  8035 | D:9      | Reached ***** piety under Okawaru
  8487 | D:9      | Noticed a two-headed ogre
  8684 | D:9      | Noticed a two-headed ogre
  8691 | D:9      | Killed a two-headed ogre
  8691 | D:9      | Reached skill level 10 in Fighting
  8835 | D:9      | Noticed Maurice
  8854 | D:9      | Killed Maurice
  8885 | D:9      | Found a staircase to the Orcish Mines.
  8995 | D:9      | Found a hazy altar of Hepliaklqana.
  9008 | D:9      | Found a shimmering altar of Xom.
  9162 | D:10     | Entered Level 10 of the Dungeon
  9180 | D:10     | Reached XP level 11. HP: 100/100 MP: 1/10
  9258 | D:10     | Noticed Erolcha
  9273 | D:10     | Killed Erolcha
  9623 | D:10     | Found a roughly hewn altar of Beogh.
  9726 | D:10     | Reached ****** piety under Okawaru
  9726 | D:10     | Received a gift from Okawaru
  9740 | D:10     | Got a shimmering glaive {god gift}
  9741 | D:10     | Identified the +6 glaive of Raucron {chop, rC++ Int+2} (Okawaru gifted it to you on level 10 of the Dungeon)
  9761 | D:10     | Reached skill level 11 in Fighting
  9973 | D:11     | Found Igicurev's Magic Scroll Shop.
 10054 | D:11     | Found a labyrinth entrance.
 10063 | Lab      | Entered a labyrinth
 10128 | Lab      | Noticed a minotaur
 10136 | Lab      | Killed a minotaur
 10141 | Lab      | Got a heavily runed chain mail
 10152 | Lab      | Identified the +5 chain mail "Niecs" {*Slow rPois rF- Int+7} (You took it off a minotaur in a labyrinth)
 10213 | D:11     | Noticed a white ugly thing
 10225 | D:11     | Killed a white ugly thing
 10429 | D:11     | Noticed a green ugly thing
 10432 | D:11     | Noticed a purple ugly thing
 10435 | D:11     | Killed a green ugly thing
 10445 | D:11     | Killed a purple ugly thing
 10674 | D:11     | Received a gift from Okawaru
 10699 | D:11     | Bought a scroll of fear for 49 gold pieces
 10755 | D:11     | Reached skill level 12 in Fighting
 10771 | D:11     | Found a staircase to the Lair.
 10969 | D:11     | Noticed an obsidian statue
 11268 | Orc:1    | Entered Level 1 of the Orcish Mines
 11320 | Orc:1    | Noticed Snorg
 11457 | D:9      | Killed a two-headed ogre
 11475 | D:9      | Killed Snorg
 11475 | D:9      | Reached XP level 12. HP: 61/112 MP: 4/11
 11702 | Orc:1    | Found a roughly hewn altar of Beogh.
 11935 | Orc:1    | Found Xuckeonn's Jewellery Emporium.
 11943 | Orc:1    | Bought an uncursed ring of see invisible for 180 gold pieces
 12237 | Orc:2    | Entered Level 2 of the Orcish Mines
 12326 | Orc:2    | Reached skill level 1 in Dodging
 12346 | Orc:2    | Noticed a two-headed ogre
 12354 | Orc:2    | Killed a two-headed ogre
 12469 | Orc:2    | Found a roughly hewn altar of Beogh.
 12622 | Orc:2    | Noticed an orc warlord
 13445 | Orc:2    | Reached skill level 5 in Armour
 13470 | Orc:2    | Found a staircase to the Elven Halls.
 13724 | Orc:2    | Received a gift from Okawaru
 13725 | Orc:2    | Got ichor-stained acid dragon scales {god gift}
 13760 | Orc:2    | Identified the +2 acid dragon scales of Lies {*Drain rCorr Dex+7 SInv} (Okawaru gifted it to you on level 2 of the Orcish Mines)
 13770 | Orc:2    | Noticed an orc warlord
 13794 | Orc:2    | Killed an orc warlord
 13898 | Orc:2    | Noticed an orc high priest
 13926 | Orc:2    | Killed an orc high priest
 14007 | Orc:2    | Found Wiutius's Gadget Shoppe.
 14095 | Orc:2    | Reached skill level 13 in Fighting
 14098 | Orc:2    | Found a roughly hewn altar of Beogh.
 14136 | Orc:2    | Noticed an orc high priest
 14147 | Orc:2    | Killed an orc high priest
 14209 | Orc:2    | Noticed an orc high priest
 14214 | Orc:2    | Found Votuink's Weapon Emporium.
 14223 | Orc:2    | Killed an orc high priest
 14223 | Orc:2    | Reached XP level 13. HP: 42/122 MP: 12/12
 14385 | Orc:2    | Bought a +0 bardiche for 117 gold pieces
 14772 | Orc:2    | Killed an orc warlord
 14777 | Orc:2    | Found Bynesk's General Store.
 14786 | Orc:2    | Found Raleu's Antique Weapon Shop.
 14801 | Orc:2    | Bought a potion of heal wounds for 50 gold pieces
 14801 | Orc:2    | Bought a potion of curing for 30 gold pieces
 14801 | Orc:2    | Bought a +5 glaive of flaming for 387 gold pieces
 14856 | Orc:2    | Received a gift from Okawaru
 15401 | Lair:1   | Entered Level 1 of the Lair of Beasts
 16738 | Lair:2   | Reached skill level 5 in Dodging
 16760 | Lair:2   | Found a staircase to the Snake Pit.
 16845 | Lair:2   | Reached skill level 14 in Fighting
 16899 | Lair:2   | Received a gift from Okawaru
 16902 | Lair:2   | Got an ancient demon trident {god gift}
 16903 | Lair:2   | Identified the +4 demon trident of Benevolence {venom, *Noise Str+5} (Okawaru gifted it to you on level 2 of the Lair of Beasts)
 17706 | Lair:3   | Found a staircase to the Swamp.
 18655 | Lair:4   | Noticed Kirke
 18671 | Lair:4   | Killed Kirke
 18671 | Lair:4   | Received a gift from Okawaru
 18772 | Lair:4   | Learned a level 2 spell: Blink
 18782 | Lair:4   | Reached XP level 14. HP: 107/133 MP: 13/13
 18953 | Lair:4   | Identified the Incunabulum of Feathers and Poison
 19280 | Lair:5   | Found a frozen archway.
 19296 | IceCv    | Entered an ice cave
 19614 | IceCv    | Received a gift from Okawaru
 19619 | IceCv    | Got an ichor-stained buckler {god gift}
 19734 | IceCv    | Noticed a frost giant
 19748 | IceCv    | Killed a frost giant
 19936 | Lair:5   | Found a runed door.
 19936 | Lair:5   | Found a viscous altar of Jiyva.
 19936 | Lair:5   | Noticed an azure jelly
 19937 | Lair:5   | Found a staircase to the Slime Pits.
 20442 | Lair:5   | Reached skill level 15 in Fighting
 20747 | Lair:5   | Noticed an azure jelly
 20753 | Lair:5   | Killed an azure jelly
 20756 | Lair:5   | Killed an azure jelly
 20791 | Lair:6   | Entered Level 6 of the Lair of Beasts
 21030 | Lair:6   | Received a gift from Okawaru
 21047 | Lair:6   | Got a brightly glowing crystal plate armour {god gift}
 21050 | Lair:6   | Identified the +1 crystal plate armour of the Sky {Dex+2} (Okawaru gifted it to you on level 6 of the Lair of Beasts)
 21374 | Lair:6   | Reached XP level 15. HP: 134/141 MP: 14/14
 21762 | Swamp:1  | Entered Level 1 of the Swamp
 22292 | Swamp:2  | Noticed Louise
 22297 | Swamp:2  | Killed Louise
 22308 | Swamp:2  | HP: 4/143 [alligator[an alligator] (11)]
 22499 | Swamp:2  | Reached skill level 16 in Fighting
 22506 | Swamp:2  | Received a gift from Okawaru
 22514 | Swamp:2  | Noticed Roxanne
 23286 | Swamp:2  | Killed Roxanne
 23286 | Swamp:2  | Reached skill level 10 in Armour
 23288 | Swamp:2  | Identified Roxanne's Catalogue of Transmutation (You took it off Roxanne on level 2 of the Swamp)
 23430 | Swamp:3  | Received a gift from Okawaru
 24153 | Swamp:4  | Entered Level 4 of the Swamp
 24300 | Swamp:4  | Reached skill level 10 in Dodging
 24312 | Swamp:4  | Reached XP level 16. HP: 99/152 MP: 13/15
 24428 | Swamp:4  | Noticed a thorn hunter
 24501 | Swamp:4  | Killed a thorn hunter
 24501 | Swamp:4  | Received a gift from Okawaru
 24651 | Swamp:4  | Reached skill level 17 in Fighting
 24781 | Swamp:4  | Got a decaying rune of Zot
 25282 | Snake:1  | Entered Level 1 of the Snake Pit
 25308 | Snake:1  | Noticed Asterion
 25318 | Snake:1  | Killed Asterion
 25478 | Snake:1  | Received a gift from Okawaru
 25493 | Snake:1  | Identified a +0 pair of boots of running (Okawaru gifted it to you on level 1 of the Snake Pit)
 25956 | Snake:1  | Found Viel's Distillery.
 25957 | Snake:1  | Found Vennetou's Magic Scroll Emporium.
 25957 | Snake:1  | Found Niheun's Weapon Shoppe.
 25966 | Snake:1  | Found Ullode's Weapon Shoppe.
 25971 | Snake:1  | Bought a scroll of magic mapping for 42 gold pieces
 25971 | Snake:1  | Bought 2 scrolls of magic mapping for 84 gold pieces
 27530 | Snake:3  | Noticed Agnes
 27538 | Snake:3  | Killed Agnes
 27747 | Snake:3  | Reached XP level 17. HP: 156/163 MP: 16/16
 27801 | Snake:3  | Found Xynen's Antique Armour Emporium.
 28124 | Snake:3  | Reached skill level 18 in Fighting
 28459 | Snake:4  | Entered Level 4 of the Snake Pit
 28533 | Snake:4  | Received a gift from Okawaru
 29554 | Snake:4  | Received a gift from Okawaru
 29862 | Snake:4  | Reached XP level 18. HP: 115/173 MP: 17/17
 29878 | Snake:4  | Received a gift from Okawaru
 30455 | Snake:4  | Reached skill level 19 in Fighting
 31126 | Snake:4  | Got a serpentine rune of Zot
 31731 | D:12     | Noticed Nergalle
 31736 | D:12     | Killed Nergalle
 31984 | D:13     | Noticed Rupert
 31995 | D:13     | Killed Rupert
 32168 | D:13     | Found a gate to the Vaults.
 32469 | D:13     | Found a white marble altar of Elyvilon.
 32725 | D:14     | Received a gift from Okawaru
 32903 | D:14     | Found a runed door.
 33003 | D:14     | Found a portal to a secret trove of treasure.
 33183 | D:14     | Found a roughly hewn altar of Beogh.
 33231 | D:14     | Identified a scroll of acquirement
 33255 | D:15     | Entered Level 15 of the Dungeon
 33320 | D:15     | Found Xijelug's Distillery.
 33331 | D:15     | Bought a potion of curing for 48 gold pieces
 33331 | D:15     | Bought a potion of resistance for 160 gold pieces
 33331 | D:15     | Bought a potion of heal wounds for 80 gold pieces
 33331 | D:15     | Bought a potion of agility for 64 gold pieces
 33449 | D:15     | Reached skill level 20 in Fighting
 33615 | D:15     | Found a glowing golden altar of the Shining One.
 33689 | D:15     | Found a staircase to the Depths.
 33704 | D:15     | Received a gift from Okawaru
 33736 | D:15     | Got a heavily runed plate armour {god gift}
 33739 | D:15     | Identified the +4 plate armour "Kofroes" {rC+ Regen+} (Okawaru gifted it to you on level 15 of the Dungeon)
 33906 | D:15     | Reached XP level 19. HP: 187/187 MP: 18/18
 34331 | Elf:1    | Entered Level 1 of the Elven Halls
 34807 | Elf:1    | Found Heopra's Jewellery Shop.
 34808 | Elf:1    | Found Jotwyet's Gadget Emporium.
 34809 | Elf:1    | Found Wagga's Jewellery Shop.
 35405 | Elf:2    | Noticed Moloch's ghost (adept OpWz)
 35528 | Elf:2    | Killed Moloch's ghost
 35571 | Elf:2    | Reached skill level 21 in Fighting
 35677 | Elf:2    | Received a gift from Okawaru
 35825 | Elf:2    | Reached skill level 15 in Armour
 35899 | Elf:2    | Found a runed gate.
 35899 | Elf:2    | Found a runed gate.
 35899 | Elf:2    | Found a runed gate.
 36553 | Elf:3    | Entered Level 3 of the Elven Halls
 36622 | Elf:3    | Found Jeazytun's Book Shoppe.
 36697 | Elf:3    | Found Qimp's Book Emporium.
 36703 | Elf:3    | Found Ocrabb's Jewellery Shoppe.
 36956 | Elf:3    | Received a gift from Okawaru
 36969 | Elf:3    | Got a polished hat {god gift}
 36975 | Elf:3    | Identified the +2 hat of the Guild-Master {rPois Str-2 Dex+9 Stlth+} (Okawaru gifted it to you on level 3 of the Elven Halls)
 37051 | Elf:3    | Identified the cursed +2 giant spiked club "Isa Som" {venom, +Inv} (You found it on level 3 of the Elven Halls)
 37060 | Elf:3    | Identified the Volume of Creative Fire
 37062 | Elf:3    | Identified the Compendium of the Frostbite and Earth
 37078 | Elf:3    | Learned a level 1 spell: Summon Butterflies
 37093 | Elf:3    | Cast into level 3 of the Abyss (a deep elf sorcerer)
 37093 | Abyss:3  | Found a corrupted altar of Lugonu.
 37139 | Elf:3    | Escaped the Abyss
 37222 | Elf:3    | Reached XP level 20. HP: 145/199 MP: 19/19
 37240 | Elf:3    | Identified the +1 glaive "Curar" {freeze, rN+ MR- Str+3 SInv} (You took it off a deep elf annihilator on level 3 of the Elven Halls)
 37496 | Elf:3    | Reached skill level 15 in Dodging
 37523 | Elf:3    | Reached skill level 22 in Fighting
 37641 | Elf:3    | Identified the Incunabulum of Battle Magic
 37932 | Vaults:1 | Entered Level 1 of the Vaults
 38264 | Vaults:1 | Reached skill level 1 in Axes
 38394 | Vaults:1 | Noticed Donald
 38403 | Vaults:1 | Killed Donald
 38421 | Vaults:1 | Received a gift from Okawaru
 38667 | Vaults:1 | Paralysed by an orc sorcerer for 5 turns
 39120 | Vaults:1 | Got a smoking iron ring
 39731 | Vaults:2 | Identified the ring "Eqontug" {rCorr rPois rF- MR+++ Int+4} (You took it off a wizard on level 1 of the Vaults)
 39748 | Vaults:2 | Reached skill level 23 in Fighting
 39790 | Vaults:2 | Received a gift from Okawaru
 39804 | Vaults:2 | Noticed Frederick
 39818 | Vaults:2 | Killed Frederick
 39858 | Vaults:1 | Reached XP level 21. HP: 43/211 MP: 20/20
 40004 | Vaults:2 | Reached skill level 5 in Axes
 40023 | Vaults:2 | Found a staircase to the Crypt.
 40433 | Vaults:2 | Received a gift from Okawaru
 40841 | Vaults:3 | Reached skill level 10 in Axes
 41341 | Vaults:3 | Received a gift from Okawaru
 42531 | Vaults:4 | Reached skill level 15 in Axes
 42561 | Vaults:4 | Received a gift from Okawaru
 42580 | Vaults:4 | Cast into level 3 of the Abyss (a deep elf demonologist)
 42584 | Abyss:3  | Found a corrupted altar of Lugonu.
 42588 | Abyss:3  | Reached XP level 22. HP: 138/220 MP: 15/21
 43050 | Abyss:3  | Got an abyssal rune of Zot
 43139 | Abyss:3  | Received a gift from Okawaru
 43455 | Abyss:3  | Noticed an ancient lich
 43458 | Abyss:3  | Killed an ancient lich
 43509 | Vaults:4 | Escaped the Abyss
 43808 | Vaults:4 | Received a gift from Okawaru
 44605 | Vaults:4 | Gained mutation: You are robust. (+10% HP) [potion of mutation]
 44605 | Vaults:4 | Gained mutation: You are partially covered in iridescent scales. (AC +2) [potion of mutation]
 44605 | Vaults:4 | Gained mutation: You are mostly covered in iridescent scales. (AC +4) [potion of mutation]
 44606 | Vaults:4 | Lost mutation: You are mostly covered in iridescent scales. (AC +4) [potion of mutation]
 44606 | Vaults:4 | Lost mutation: You are robust. (+10% HP) [potion of mutation]
 44606 | Vaults:4 | Lost mutation: You are partially covered in iridescent scales. (AC +2) [potion of mutation]
 44606 | Vaults:4 | Gained mutation: You are agile. (Dex +2) [potion of mutation]
 44606 | Vaults:4 | Gained mutation: You are weak. (Str -2) [potion of mutation]
 44606 | Vaults:4 | Gained mutation: You are partially covered in thin metallic scales. (AC +2) [potion of mutation]
 44607 | Vaults:4 | Lost mutation: You are weak. (Str -2) [potion of mutation]
 44607 | Vaults:4 | Lost mutation: You are agile. (Dex +2) [potion of mutation]
 44607 | Vaults:4 | Gained mutation: You are agile. (Dex +2) [potion of mutation]
 44607 | Vaults:4 | Gained mutation: Your muscles are strong. (Str +2) [potion of mutation]
 44607 | Vaults:4 | Gained mutation: Your flesh is cold resistant. (rC+) [potion of mutation]
 44800 | Depths:1 | Entered Level 1 of the Depths
 44918 | Depths:1 | Found a gateway to a ziggurat.
 44956 | Depths:1 | Identified the Guide on Creation
 45004 | Depths:1 | Found a one-way gate leading to the halls of Pandemonium.
 45108 | Depths:1 | Received a gift from Okawaru
 45251 | Depths:1 | Identified the Tome of Ice
 45387 | Depths:1 | Noticed Aizul
 45410 | Depths:1 | Killed Aizul
 45415 | Depths:1 | Reached XP level 23. HP: 81/227 MP: 20/22
 45765 | Depths:1 | Found a gateway to Hell.
 45976 | Depths:1 | Identified the Tome of Flight
 45985 | Depths:1 | Learned a level 5 spell: Silence
 46041 | Depths:1 | Cast into level 3 of the Abyss (a wizard)
 46069 | Abyss:3  | Found a corrupted altar of Lugonu.
 46248 | Depths:1 | Escaped the Abyss
 46289 | Depths:1 | Identified the Volume of Clay
 46358 | Depths:2 | Received a gift from Okawaru
 46432 | Depths:2 | Noticed Saint Roka
 46475 | Depths:2 | Killed Saint Roka
 46713 | Depths:2 | Found a one-way gate to the infinite horrors of the Abyss.
 47812 | Depths:3 | Noticed an ancient lich
 47824 | Depths:3 | Killed an ancient lich
 47824 | Depths:3 | Received a gift from Okawaru
 47866 | Depths:3 | Reached skill level 24 in Fighting
 48074 | Depths:3 | Received a gift from Okawaru
 48168 | Depths:3 | Reached XP level 24. HP: 228/239 MP: 22/22
 49112 | Depths:4 | Noticed a juggernaut
 49113 | Depths:4 | Found a large runed door.
 49113 | Depths:4 | Found a large runed door.
 49122 | Depths:4 | Killed a juggernaut
 49165 | Depths:4 | Reached skill level 25 in Fighting
 49486 | Depths:4 | Received a gift from Okawaru
 50211 | Depths:4 | Identified Yqimipn's Compendium of Torrid Weightlessness
 50276 | Depths:5 | Entered Level 5 of the Depths
 50384 | Depths:5 | Got a bound copper ring
 50386 | Depths:5 | Identified the ring of Moner {rElec rC+ MR+ Int+2} (You found it on level 5 of the Depths)
 50768 | Temple   | Fell from the grace of Okawaru
 50768 | Temple   | Became a worshipper of Makhleb the Destroyer
 51158 | Crypt:1  | Entered Level 1 of the Crypt
 51190 | Crypt:1  | Noticed Jory
 51203 | Crypt:1  | Killed Jory
 51703 | Crypt:2  | Reached * piety under Makhleb
 51716 | Crypt:2  | Reached skill level 26 in Fighting
 52180 | Crypt:2  | Noticed Xtahua
 52189 | Crypt:2  | Killed Xtahua
 52189 | Crypt:2  | Reached XP level 25. HP: 253/253 MP: 22/22
 52297 | Crypt:2  | Reached ** piety under Makhleb
 52672 | Crypt:3  | Entered Level 3 of the Crypt
 52804 | Crypt:3  | Reached *** piety under Makhleb
 53009 | Crypt:3  | Reached **** piety under Makhleb
 53286 | Crypt:3  | Reached skill level 27 in Fighting
 53408 | Crypt:3  | Reached ***** piety under Makhleb
 53425 | Crypt:3  | Found a staircase to the Tomb.
 53506 | Crypt:3  | Found an ancient bone altar of Kikubaaqudgha.
 54132 | Vaults:5 | Entered Level 5 of the Vaults
 54150 | Vaults:5 | Gained mutation: You are frail. (-10% HP) [a neqoxec]
 54393 | Vaults:5 | Reached XP level 26. HP: 239/239 MP: 22/22
 54429 | Vaults:5 | Reached ****** piety under Makhleb
 54561 | Vaults:5 | Was forgiven by Okawaru
 54877 | Vaults:5 | Identified the Volume of Augmentations and the Mountains
 54914 | Vaults:5 | Got an ancient lead ring
 55153 | Vaults:5 | Identified the +3 plate armour of Peek-a-Boo {rF++} (You found it on level 5 of the Vaults)
 55155 | Vaults:5 | Identified the ring "Tenih" {rPois MR+++ Dex-5 SInv Stlth+} (You took it off a deep elf mage on level 5 of the Vaults)
 55332 | Vaults:5 | Got a silver rune of Zot
 55377 | Vaults:5 | Got a smoking platinum ring
 55778 | Vaults:5 | Identified the ring of the Peculiar Beggars {rElec rPois MR+ SInv Stlth-} (You took it off a tengu reaver on level 5 of the Vaults)
 56160 | Slime:1  | Entered Level 1 of the Pits of Slime
 56166 | Slime:1  | Lost mutation: You are agile. (Dex +2) [a shining eye]
 56314 | Slime:5  | Entered Level 5 of the Pits of Slime
 56348 | Slime:5  | Gained mutation: You are occasionally teleported next to monsters. [a shining eye]
 56365 | Slime:5  | Noticed the Royal Jelly
 56404 | Slime:5  | Gained mutation: You are very frail. (-20% HP) [a shining eye]
 56408 | Slime:5  | Gained mutation: You tend to lose your temper in combat. [a shining eye]
 56415 | Slime:4  | HP: 5/212 [acid blob[the Royal Jelly] (29)]
 56415 | Slime:4  | HP: 1/212 [acid[the Royal Jelly] (4)]
 56416 | Slime:4  | Splashed by an acid blob's acid

Skill      XL: |  1  2  3  4  5  6  7  8  9 10 11 12 13 14 15 16 17 18 19 20 21 22 23 24 25 26 |
---------------+-------------------------------------------------------------------------------+-----
Fighting       | 4 5 6 7 8 10 12 13 14 15 16 17 18 20 21 23 24 26 27 | 27.0
Polearms       | 3 4 5 6 8 10 12 14 16 18 20 21 22 23 24 25 26 | 26.0
Dodging        | 3 6 8 10 11 12 14 15 16 17 18 19 | 19.0
Armour         | 5 7 9 10 11 12 13 16 17 18 20 22 24 | 24.4
Axes           | 4 15 20 22 23 | 23.1
Shields        | |  3.6

Action                   |  1- 3 |  4- 6 |  7- 9 | 10-12 | 13-15 | 16-18 | 19-21 | 22-24 | 25-27 || total
-------------------------+-------+-------+-------+-------+-------+-------+-------+-------+-------++-------
Melee: Trident           |    96 |   229 |   334 |   380 |       |       |       |       |       ||  1039
       Headbutt          |     9 |    31 |    49 |   114 |   204 |   238 |   332 |   468 |   310 ||  1755
       Glaive            |       |       |       |   485 |   869 |  1297 |   954 |       |       ||  3605
       Executioner's axe |       |       |       |       |       |       |   376 |  1328 |   840 ||  2544
Invok: Heroism           |       |       |       |     8 |     8 |    10 |     4 |    13 |       ||    43
       Finesse           |       |       |       |     1 |       |     2 |       |     1 |       ||     4
Evoke: Wand              |       |       |     4 |     9 |     1 |       |       |     3 |       ||    17
  Use: Scroll            |       |       |     9 |    10 |    16 |     8 |     8 |     9 |    11 ||    71
       Potion            |       |       |     2 |     3 |     2 |       |     1 |     6 |     4 ||    18
 Stab: Distracted        |       |       |       |     1 |     1 |     6 |     1 |     1 |     4 ||    14
       Sleeping          |       |       |       |       |     3 |     5 |       |       |       ||     8
  Eat: Chunk             |       |     8 |    12 |    20 |    33 |    16 |    28 |    16 |     5 ||   138
       Ration            |       |       |       |     1 |       |     4 |       |     4 |     3 ||    12
Armor: Scale mail        |    29 |    90 |    33 |       |       |       |       |       |       ||   152
       Chain mail        |       |       |    18 |    99 |       |       |       |       |       ||   117
       Plate armour      |       |       |    12 |    98 |       |     8 |   500 |   561 |       ||  1179
       Skin              |       |       |     6 |   120 |       |     3 |       |       |       ||   129
       Acid dragon scale |       |       |       |     7 |   188 |   197 |       |       |       ||   392
       Gold dragon scale |       |       |       |       |       |       |       |    93 |   680 ||   773
Dodge: Dodged            |    24 |    40 |    50 |   172 |   395 |   688 |   757 |  1107 |   949 ||  4182
Block: Shield            |    42 |    88 |       |       |       |       |       |       |       ||   130
       Buckler           |       |       |    33 |       |       |       |       |       |       ||    33
